 Dungeon Crawl Stone Soup version 0.25.1-2-g60ff931df9 (webtiles) character file.

Game seed: 8796176390493156252

706 OdinFK the Poker (level 7, -3/54 HPs)
             Began as a Merfolk Skald on Oct 13, 2020.
             Was an Initiate of Fedhas.
             Slain by a hornet (11 damage)
             ... on level 4 of the Dungeon.
             The game lasted 00:14:28 (4021 turns).

OdinFK the Poker (Merfolk Skald)                    Turns: 4021, Time: 00:14:30

Health: -3/54      AC:  9    Str: 13    XL:     7   Next: 67%
Magic:  10/10      EV: 13    Int: 12    God:    Fedhas [......]
Gold:   170        SH:  0    Dex: 14    Spells: 9/10 levels left

rFire    . . .     SeeInvis .   s - +5 club
rCold    . . .     Gourm    .   (no shield)
rNeg     . . .     Faith    .   k - +0 ring mail (curse)
rPois    .         Spirit   .   c - +0 helmet
rElec    .         Reflect  .   (no cloak)
rCorr    .         Harm     .   o - +2 pair of gloves
MR       .....                  (no boots)
Stlth    +.........             (no amulet)
HPRegen  0.18/turn              (no ring)
MPRegen  0.12/turn              (no ring)

@: brilliant, lethally poisoned (-3 -> -7), slowed, very slow
A: change form in water, swift swim, stealthy swim
a: Renounce Religion


You were on level 4 of the Dungeon.
You worshipped Fedhas.
Fedhas was noncommittal.
You were not hungry.

You visited 2 branches of the dungeon, and saw 5 of its levels.

You collected 170 gold pieces.

Inventory:

Hand Weapons
 a - a +0 spear
 i - a +0 trident
 s - a +5 club (weapon)
Armour
 b - a +0 leather armour
 c - a +0 helmet (worn)
 k - a cursed +0 ring mail (worn)
 o - a +2 pair of gloves (worn)
 t - a +2 ring mail of fire resistance
Wands
 j - a wand of iceblast (3)
Scrolls
 g - 2 scrolls of amnesia {unknown}
 l - 2 scrolls of fear {unknown}
 n - a scroll of remove curse {unknown}
 p - a scroll of magic mapping {unknown}
 u - a scroll of fog {unknown}
Potions
 e - 3 potions of flight
 h - 2 potions of haste
 r - a potion of resistance
Comestibles
 d - 8 rations
 f - 2 chunks of flesh


   Skills:
 + Level 4.0 Fighting
 - Level 1.0 Maces & Flails
 - Level 6.0 Polearms
 - Level 3.0 Throwing
 + Level 1.9 Armour
 + Level 6.0 Dodging
 - Level 2.0 Spellcasting
 - Level 4.0 Charms
 + Level 1.0 Invocations


You had 9 spell levels left.
You knew the following spells:

 Your Spells              Type           Power        Failure   Level  Hunger
a - Infusion              Chrm           ###.         11%         1    None

Your spell library contained the following spells:

 Spells                   Type           Power        Failure   Level  Hunger
 Song of Slaying          Chrm           ###.....     17%         2    None
 Shroud of Golubria       Chrm/Tloc      #.....       36%         2    None
 Ozocubu's Armour         Chrm/Ice       #.......     58%         3    None
 Spectral Weapon          Hex/Chrm       #.......     58%         3    None


Dungeon Overview and Level Annotations

Branches:
Dungeon (4/15)             Temple (1/1) D:4

Altars:
Ashenzari
Cheibriados
Dithmenos
Elyvilon
Fedhas
Gozag
Hepliaklqana
Kikubaaqudgha
Makhleb
Nemelex Xobeh
Okawaru
Qazlal
Ru
Sif Muna
Trog
Uskayaw
Wu Jian
Xom
Yredelemnul
Zin
The Shining One

Annotations:
D:2 exclusion: downstairs


Message History

You feel as though you will be slow longer.
You can move again.
Unknown command.
It was a potion of brilliance.
You feel clever all of a sudden.
You feel sick.
The hornet looks more healthy.
The hornet stings you but does no damage.
The hornet stings you.
* * * LOW HITPOINT WARNING * * *
You feel as though you will be slow longer.
Okay, then.
You feel sick. The hornet barely misses you. x2
Evoke which item? (* to show all) (? for menu, Esc to quit)
Aiming: Iceblast
Press: ? - help, Shift-Dir - straight line, p - hornet The mass of ice explodes!
The iceblast engulfs the hornet!
The hornet is severely wounded.
You feel sick. The hornet misses you. The hornet stings you!
You die...
Fedhas appreciates your contribution to the ecosystem.

##.# #.# ###
#)##..#
#))...#
##)....#
#####......#
###.........##
#...........#
#.♣.♣...@...#
#(.>..###y###
#.♣.♣.# #(#
#.....# #)# #
##..### #.##
#.. #.## #(.#
.....####.#
##.#
.....g....#
#.#
....g.#####
#(#


You could see a hornet.

Vanquished Creatures
  2 ogres
  A phantom (D:4)
  3 orc priests (D:3)
  An orc wizard (D:3)
  Ijyb (D:3)
  Natasha (twice) (D:3)
  An iguana (D:4)
  2 worker ants
  4 gnolls (D:4)
  4 adders
  2 oozes
  3 worms
  3 dart slugs
  6 leopard geckos
  7 orcs
  8 bats
  3 giant cockroaches
  6 goblins
  10 hobgoblins
  10 jackals
  2 quokkas (D:2)
  A ball python (D:2)
  5 frilled lizards
  7 kobolds
  15 rats
109 creatures vanquished.

Notes
Turn   | Place    | Note
-------+----------+-------------------------------------------
     0 | D:1      | OdinFK the Merfolk Skald began the quest for the Orb.
     0 | D:1      | Reached XP level 1. HP: 16/16 MP: 3/3
   222 | D:1      | Reached XP level 2. HP: 23/23 MP: 5/5
   592 | D:1      | Reached XP level 3. HP: 27/28 MP: 6/6
  1174 | D:2      | Reached skill level 1 in Armour
  1268 | D:2      | Reached XP level 4. HP: 34/34 MP: 7/7
  1660 | D:3      | Noticed Ijyb
  1844 | D:3      | Noticed Natasha
  1855 | D:3      | Reached skill level 1 in Throwing
  1866 | D:3      | Killed Natasha
  1866 | D:3      | Reached XP level 5. HP: 28/41 MP: 8/8
  2186 | D:3      | Reached skill level 5 in Polearms
  2566 | D:3      | Killed Ijyb
  2714 | D:3      | Noticed an ogre
  2730 | D:3      | Killed an ogre
  2730 | D:3      | Reached skill level 5 in Dodging
  2730 | D:3      | Reached XP level 6. HP: 44/47 MP: 9/9
  2915 | D:3      | Noticed Natasha
  3266 | D:3      | Killed Natasha
  3266 | D:3      | Reached XP level 7. HP: 47/52 MP: 10/10
  3645 | D:4      | Found a staircase to the Ecumenical Temple.
  3655 | Temple   | Entered the Ecumenical Temple
  3856 | Temple   | Became a worshipper of Fedhas Madash
  3931 | D:4      | Reached skill level 1 in Maces & Flails
  3989 | D:4      | Noticed a hornet
  4009 | D:4      | Reached skill level 1 in Invocations
  4017 | D:4      | Paralysed by a hornet for 2 turns
  4021 | D:4      | Slain by a hornet

Illustrated notes

Levels and vault maps discovered:
D:1:      psy_arrival_radial01, layout_basic, minmay_tromino_v7
D:2:      layout_loops_ring
D:3:      layout_rooms, glass_columns_c, uniq_ijyb, uniq_natasha
D:4:      layout_cave_pods, minmay_temple_entry_trees, first_ration
Temple:   minmay_crystal_snake_temple

Skill      XL: |  1  2  3  4  5  6  7 |
---------------+----------------------+-----
Dodging        | 3 4 5 6 |  6.0
Polearms       | 4 6 |  6.0
Armour         | 1 |  1.9
Throwing       | 1 2 3 |  3.0
Fighting       | 3 4 |  4.0
Charms         | 4 |  4.0
Maces & Flails | 1 |  1.0
Invocations    | 1 |  1.0
Spellcasting   | |  2.0

Action                   |  1- 3 |  4- 6 |  7- 9 || total
-------------------------+-------+-------+-------++-------
Melee: Spear             |   125 |   158 |       ||   283
       Club              |       |    90 |    78 ||   168
Throw: Dart              |     1 |    26 |    18 ||    45
       Throwing net      |       |       |     2 ||     2
 Cast: Infusion          |       |     1 |       ||     1
Evoke: Wand              |       |       |     2 ||     2
  Use: Scroll            |       |     3 |       ||     3
       Potion            |       |     1 |     1 ||     2
 Stab: Sleeping          |     2 |       |       ||     2
  Eat: Chunk             |     1 |     7 |     3 ||    11
Armor: Leather armour    |     3 |       |       ||     3
       Ring mail         |    14 |    85 |    37 ||   136
Dodge: Dodged            |    47 |   146 |    87 ||   280
